 Dungeon Crawl Stone Soup version 0.29.1-2-gbd0b4ee654 (webtiles) character file.

Game seed: 4650525220144631929

959 qeuew the Chopper (level 7, -3/60 HPs)
             Began as a Demonspawn Chaos Knight on Nov 5, 2022.
             Was a Plaything of Xom.
             Slain by a hornet (13 damage)
             ... on level 5 of the Dungeon.
             The game lasted 00:07:41 (4097 turns).

qeuew the Chopper (Demonspawn Chaos Knight)         Turns: 4097, Time: 00:07:42

Health: -3/60      AC:  7    Str: 17 (18) XL:     7   Next: 91%
Magic:  6/6        EV: 12    Int: 16 (17) God:    Xom [*.....]
Gold:   1396       SH:  0    Dex: 13 (15) Spells: 6/6 levels left

rFire   . . .      SeeInvis .   c - +2 battleaxe (flame)
rCold   . . .      Faith    .   (shield currently unavailable)
rNeg    . . .      Spirit   .   b - +3 leather armour
rPois   .          Reflect  .   (helmet restricted)
rElec   .          Harm     .   (no cloak)
rCorr   +          Rampage  .   (no gloves)
Will    .....                   (no boots)
Stlth   +.........              (no amulet)
HPRegen 0.20/turn               k - +6 ring of strength
MPRegen 0.10/turn               a - ring of the King {rCorr Dex+2 Slay+2}

@: cleaving, slowed, very slow
A: powered by death 1, powered by pain 1, antennae 1, hooves 1, clever 1,
deterioration 2, low MP 1, robust 1, shaggy fur 1, wild magic 1, MP-powered
wands
a: Renounce Religion


You were on level 5 of the Dungeon.
You worshipped Xom.
You were a special plaything of Xom.
You visited 1 branch of the dungeon, and saw 5 of its levels.

You collected 1396 gold pieces.

Inventory:

Hand Weapons
 c - a +2 battleaxe of flaming (weapon)
Armour
 b - a +3 leather armour (worn)
Jewellery
 a - the ring of the King (right hand) {rCorr Dex+2 Slay+2}
   (You found it on level 4 of the Dungeon)

   [ring of resist corrosion]

   Dex:       It affects your dexterity (+2).
   Slay:      It affects your accuracy & damage with ranged weapons and melee
   (+2).
   rCorr:     It protects you from acid and corrosion.
 k - a +6 ring of strength (left hand)
Wands
 g - a wand of iceblast (12)
 j - a wand of flame (43)
Scrolls
 h - 3 scrolls of teleportation
 m - 3 scrolls of identify
 o - a scroll of blinking {unknown}
Potions
 d - a potion of might
 e - a potion of magic
 f - a potion of curing
 i - 2 potions of haste
 l - a potion of brilliance
 n - a potion of ambrosia {unknown}
 p - 2 potions of degeneration {unknown}
 q - a potion of mutation


   Skills:
 + Level 4.5 Fighting
 + Level 6.1 Axes
 * Level 4.2 Armour
 * Level 3.4 Dodging
 - Level 0.7 Stealth


You had 6 spell levels left.
You didn't know any spells.
Your spell library contained the following spells:

 Spells                   Type           Power      Damage    Failure   Level
 Magic Dart               Conj           0%         1d3       38%         1
 Slow                     Hex            0%         N/A       38%         1
 Call Imp                 Summ           0%         N/A       50%         2
 Confusing Touch          Hex            0%         N/A       73%         3
 Inner Flame              Hex/Fire       0%         N/A       73%         3
 Mephitic Cloud           Conj/Pois/Air  0%         N/A       73%         3
 Vampiric Draining        Necr           0%         2d6       73%         3
 Cause Fear               Hex            0%         N/A       98%         4
 Leda's Liquefaction      Hex/Erth       0%         N/A       98%         4
 Petrify                  Tmut/Erth      0%         N/A       98%         4
 Discord                  Hex            0%         N/A       100%        8


Dungeon Overview and Level Annotations

Branches:
Dungeon (5/15)
 Temple: D:4-7

Altars:
Kikubaaqudgha
Makhleb
Nemelex Xobeh
Okawaru
Xom
Yredelemnul

Annotations:
D:4 zeram's ghost, amateur GrFi


Innate Abilities, Weirdness & Mutations

You regenerate a little health from kills.
You sometimes gain a little power by taking damage.
You have a pair of small antennae on your head.
You have large cloven feet.
Your mind is acute. (Int +4, Str/Dex -1)
Your body often deteriorates upon taking damage.
Your magical capacity is low. (-10% MP)
You are robust. (+10% HP)
You are covered in fur. (AC +1)
Your spells are a little harder to cast, but a little more powerful.
You expend magic power (3 MP) to strengthen your wands.


Message History

The hornet stings you but does no damage.
The hornet barely misses you.
You closely miss the hornet. You kick the hornet.
The hornet is heavily wounded.
You feel yourself speed up. The hornet stings you!
You are poisoned.
You suddenly lose the ability to move!
The hornet completely misses you.
The hornet stings you but does no damage. x2
You can move again.
You feel better. The hornet closely misses you.
You miss the hornet. Your kick misses the hornet.
The hornet is heavily wounded.
The hornet stings you but does no damage.
The hornet stings you.
You are poisoned.
You feel yourself slow down.
You completely miss the hornet.
The hornet is heavily wounded.
You feel yourself speed up.
You feel very sick. The hornet stings you.
You are more poisoned.
You feel yourself slow down. The hornet stings you.
You are lethally poisoned!
You feel as though you will be slow longer.
The hornet stings you!
* * * LOW HITPOINT WARNING * * *
You are more poisoned.
You feel as though you will be slow longer.
You feel better. Xom smiles on you.
Your +2 battleaxe of flaming looks sharp (like it always does).
The hornet stings you!
* * * LOW HITPOINT WARNING * * *
Your body deteriorates!
You feel clumsy.
You feel as though you will be slow longer.
The hornet misses you. The hornet stings you!
You die...
Xom howls with laughter!

##.## #.# #.# #.#
#.# #.# #.# #.#
#.# #.# #.#
###.### #. #.#
#.....#######
#..###.#
#.###.#.....#
#...y@.###.# #...#
#..........###...#
#######.##.....#.#
#.########...
#.####### ####
#........
#########


You could see a hornet.

Vanquished Creatures
  4 ogres
  A necrophage (D:5)
  A scorpion (D:5)
  A jelly (D:4)
  5 hounds
  An orc priest (D:5)
  An iguana (D:4)
  An orc wizard (D:5)
  5 gnolls (D:3)
  5 adders
  A white imp (D:5)
  An ufetubus (D:5)
  3 dart slugs (D:3)
  5 orcs
  7 endoplasms
  3 giant cockroaches
  15 goblins
  8 hobgoblins
  4 kobolds
  2 quokkas (D:1)
  8 ball pythons
  2 bats
  7 rats
91 creatures vanquished.

Vanquished Creatures (others)
  Menkaure (D:4)
  59 plants (D:3)
60 creatures vanquished.

Grand Total: 151 creatures vanquished

Notes
Turn   | Place    | Note
-------+----------+-------------------------------------------
     0 | D:1      | qeuew the Demonspawn Chaos Knight began the quest for the
                  | Orb.
     0 | D:1      | Reached XP level 1. HP: 18/18 MP: 1/1
    69 | D:1      | Reached skill level 1 in Dodging
   129 | D:1      | XOM: divination: detect items
   310 | D:1      | Found a faded altar of an unknown god.
   313 | D:1      | Gained mutation: You regenerate a little health from kills.
                  | [demonic ancestry]
   313 | D:1      | Reached XP level 2. HP: 24/24 MP: 2/2
   458 | D:1      | XOM: divination: detect items
   507 | D:1      | Gained mutation: You passively dampen the noise of your
                  | surroundings. [potion of mutation]
   507 | D:1      | Gained mutation: You are resistant to electric shocks.
                  | (rElec) [potion of mutation]
   508 | D:1      | Lost mutation: You passively dampen the noise of your
                  | surroundings. [potion of mutation]
   508 | D:1      | Lost mutation: You are resistant to electric shocks.
                  | (rElec) [potion of mutation]
   508 | D:1      | Gained mutation: Your magical capacity is low. (-10% MP)
                  | [potion of mutation]
   508 | D:1      | Gained mutation: You have a pair of small antennae on your
                  | head. [potion of mutation]
   661 | D:2      | Reached skill level 3 in Axes
   679 | D:2      | Got Feih's Cyclopedia of Bedrock
   863 | D:2      | Reached XP level 3. HP: 23/29 MP: 2/2
  1015 | D:2      | XOM: cloud trail
  1301 | D:2      | XOM: 9-stop teleportation journey
  1717 | D:2      | Identified a scroll of acquirement
  1717 | D:2      | Acquired a +2 battleaxe of flaming
  1769 | D:3      | XOM: stealth player
  1783 | D:3      | XOM: 2-stop teleportation journey
  1935 | D:3      | Found a burning altar of Makhleb.
  1935 | D:3      | Found a basalt altar of Yredelemnul.
  2077 | D:3      | Found an iron altar of Okawaru.
  2080 | D:3      | Reached XP level 4. HP: 20/35 MP: 3/3
  2144 | D:3      | Found a sparkling altar of Nemelex Xobeh.
  2148 | D:3      | XOM: god gift: 1237 gold pieces
  2158 | D:3      | XOM: scenery: summon butterflies
  2496 | D:3      | XOM: give mutations
  2496 | D:3      | Gained mutation: Your spells are a little harder to cast,
                  | but a little more powerful. [Xom's grace]
  2496 | D:3      | Gained mutation: Your mind is acute. (Int +4, Str/Dex -1)
                  | [Xom's grace]
  2496 | D:3      | Gained mutation: You have large cloven feet. [Xom's grace]
  2496 | D:3      | Gained mutation: You expend magic power (3 MP) to
                  | strengthen your wands. [Xom's grace]
  2514 | D:3      | Found a shimmering altar of Xom.
  2517 | D:3      | XOM: god gift: 41 gold pieces
  2697 | D:3      | XOM: give mutations
  2697 | D:3      | Gained mutation: You are covered in fur. (AC +1) [Xom's
                  | mischief]
  2697 | D:3      | Gained mutation: You are robust. (+10% HP) [Xom's mischief]
  2697 | D:3      | Gained mutation: Your body sometimes deteriorates upon
                  | taking damage. [Xom's mischief]
  2697 | D:3      | Gained mutation: Your body often deteriorates upon taking
                  | damage. [Xom's mischief]
  2714 | D:3      | Noticed an ogre
  2722 | D:3      | Reached XP level 5. HP: 45/45 MP: 4/4
  2726 | D:3      | XOM: chaos upgrade
  2727 | D:3      | Killed an ogre
  2728 | D:3      | Reached skill level 4 in Axes
  2771 | D:3      | XOM: stat loss: -1 Str (11/12)
  2876 | D:4      | Noticed an ogre
  2924 | D:3      | Gained mutation: You sometimes gain a little power by
                  | taking damage. [demonic ancestry]
  2924 | D:3      | Reached XP level 6. HP: 48/52 MP: 5/5
  2925 | D:3      | XOM: confusion (+ monsters)
  3102 | D:4      | Identified the ring of the King {rCorr Dex+2 Slay+2}
  3129 | D:4      | Noticed Menkaure
  3129 | D:4      | XOM: cleaving
  3132 | D:4      | Killed Menkaure
  3132 | D:4      | XOM: divine lightning
  3136 | D:4      | Reached skill level 5 in Axes
  3137 | D:4      | Found an ancient bone altar of Kikubaaqudgha.
  3138 | D:4      | XOM: noise
  3140 | D:4      | XOM: repel stairs
  3349 | D:4      | Found a runed translucent door.
  3353 | D:4      | Noticed zeram's ghost (amateur GrFi)
  3626 | D:5      | Entered Level 5 of the Dungeon
  3628 | D:5      | Reached XP level 7. HP: 59/59 MP: 6/6
  3641 | D:5      | XOM: summons 4 hostile shadow creatures
  3983 | D:5      | Reached skill level 6 in Axes
  4014 | D:5      | XOM is BORED!
  4014 | D:5      | XOM: noise
  4080 | D:5      | XOM: noise
  4085 | D:5      | Noticed a hornet
  4093 | D:5      | Paralysed by a hornet for 2 turns
  4097 | D:5      | XOM: cleaving
  4097 | D:5      | Slain by a hornet

Illustrated notes

Levels and vault maps discovered:
D:1:      reono_arrival_forest_river, layout_basic,
          ebering_ecumenical_altar_webs
D:2:      layout_basic, minmay_misc_feat_five, minmay_misc_feat_cross,
          kennysheep_generic_room_16
D:3:      layout_basic, okawaru_altar_gauntlet_db,
          gammafunk_temple_overflow_pools, mainiacjoe_overflow_catch_the_wave,
          minmay_ogre_servants
D:4:      layout_gridville, nicolae_kikubaaqudgha_miasma_corner,
          ebering_ghost_reflecting_pool, uniq_menkaure
D:5:      layout_loops_ring, serial_bayou_pond_b

Skill      XL: |  1  2  3  4  5  6  7 |
---------------+----------------------+-----
Dodging        | 1 2 3 |  3.4
Armour         | 2 3 4 |  4.2
Axes           | 3 4 5 6 |  6.1
Fighting       | 4 |  4.5
Stealth        | |  0.7

Action                   |  1- 3 |  4- 6 |  7- 9 || total
-------------------------+-------+-------+-------++-------
Melee: Hand axe          |    85 |       |       ||    85
       Battleaxe         |    15 |    84 |    48 ||   147
       Kick              |       |    17 |    11 ||    28
  Use: Scroll            |    10 |     2 |       ||    12
       Potion            |     6 |     2 |     2 ||    10
 Stab: Sleeping          |     3 |     1 |     1 ||     5
Armor: Leather armour    |    41 |    48 |    21 ||   110
Dodge: Dodged            |    54 |    84 |    36 ||   174
